AoeStats
← ♛ BERZUNICH ♛

Arena

509099846Analyzed
1v1 RM · 5d ago on Sep 25, 2026· 58m 2s· 2 players
Game mode
Random Map
Map size
Tiny (2 player)
Population
200
Speed
Normal
Resources
Standard
Victory
Conquest
Starting age
Dark Age
Ending age
Imperial Age
RankedLock teamsTeams togetherTeam positionsShared explorationLock speedFull tech treeHidden civsTurbo modeCheats
Victory
Defeat
🇩🇪 Khmer · Germany
623
+15
🇬🇧 Poles · United Kingdom
592
-15
♛ BERZUNICH ♛
0:27 Loom
10:55 Feudal Age
18:13 Castle Age
16:32 Double-Bit Axe
17:55 Scale Barding Armor
18:19 Bloodlines
19:39 Husbandry
20:11 Scale Mail Armor
20:20 Light Cavalry
26:32 Wheelbarrow
29:10 Hand Cart
30:05 Horse Collar
31:01 Town Watch
31:11 Fletching
31:38 Chain Mail Armor
31:34 Forging
31:24 Padded Archer Armor
31:45 Chain Barding Armor
32:25 Bow Saw
32:55 Szlachta Privileges
36:17 Imperial Age
34:20 Heavy Plow
34:49 Bodkin Arrow
36:02 Fortified Wall
35:49 Murder Holes
36:14 Ballistics
35:38 Treadmill Crane
37:06 Iron Casting
36:59 Bracer
37:19 Cavalier
38:44 Plate Mail Armor
40:53 Hoardings
40:30 Arrowslits
40:56 Masonry
42:38 Blast Furnace
42:41 Conscription
51:24 Crop Rotation
55:32 Lechitic Legacy
flushjack87
8:41 Feudal Age
10:19 Double-Bit Axe
10:50 Horse Collar
19:23 Castle Age
21:18 Gold Mining
32:31 Imperial Age
30:39 Wheelbarrow
29:52 Loom
29:54 Town Watch
33:37 Bow Saw
33:32 Heavy Plow
33:09 Pikeman
34:48 Capped Ram
35:13 Elite Ballista Elephant
35:54 Double Crossbow
35:56 Tusk Swords
36:27 Hand Cart
38:28 Heavy Scorpion
44:12 Chemistry
43:33 Ballistics
49:22 Halberdier
52:15 Scale Mail Armor
52:26 Forging
Connection lost

Rejoining the realm…

Still unreachable

The connection could not be restored.

Session expired

The server has moved on; the page needs a fresh start.